 Dungeon Crawl Stone Soup version 0.31.0-32-g396128a36d (webtiles) character file.

Game seed: 15369949025760436495

438 PaiMei the Grave Robber (level 6, 0/47 HPs)
             Began as a Demonspawn Necromancer on Mar 20, 2024.
             Slain by a sky beast (5 damage)
             ... on level 4 of the Dungeon on Mar 21, 2024.
             The game lasted 00:09:14 (4713 turns).

PaiMei the Grave Robber (Demonspawn Necromancer)    Turns: 4713, Time: 00:09:14

Health: 0/47       AC:  2    Str:  8    XL:     6   Next: 69%
Magic:  11/11      EV: 13    Int: 17    God:
Gold:   270        SH:  0    Dex: 14    Spells: 4/12 levels left

rFire   . . .        t - +0 hand axe
rCold   . . .        (no shield)
rNeg    . . .        a - +0 robe
rPois   .            (helmet restricted)
rElec   .            (no cloak)
rCorr   .            (no gloves)
SInv    .            (no boots)
Will    .....        g - amulet of regeneration
Stlth   ++           (no ring)
HPRegen 1.07/turn    (no ring)
MPRegen 0.12/turn

%: no passive effects
@: no status effects
A: antennae 1, foul stench 1
a: no special abilities


You were on level 4 of the Dungeon.
You visited 1 branch of the dungeon, and saw 4 of its levels.

You collected 270 gold pieces.

Inventory:

Hand Weapons
 d - a +0 whip
 t - a +0 hand axe (weapon)
 v - a +0 war axe
Armour
 a - a +0 robe (worn)
 l - a +0 helmet
Jewellery
 g - an amulet of regeneration (around neck)
Wands
 u - a wand of polymorph (12)
Scrolls
 h - a scroll of poison
 j - a scroll of revelation
 k - 2 scrolls of identify
 o - a scroll of vulnerability {unknown}
 p - a scroll of enchant weapon {unknown}
 q - a scroll of teleportation {unknown}
 s - a scroll of enchant armour {unknown}
Potions
 b - a potion of magic
 c - a potion of heal wounds {unknown}
 e - a potion of mutation {unknown}
 f - 2 potions of degeneration {unknown}
 i - 2 potions of enlightenment
 m - a potion of brilliance {unknown}
 n - a potion of lignification {unknown}
 r - a potion of curing {unknown}


   Skills:
 + Level 3.0 Fighting
 + Level 3.5 Dodging
 - Level 2.0 Stealth
 + Level 3.6 Spellcasting
 + Level 5.9 Necromancy


You had 4 spell levels left.
You knew the following spells:

 Your Spells              Type           Power      Damage    Failure   Level
a - Necrotise             Necr           92%        1d8       1%          1
b - Vampiric Draining     Necr           23%        2d7       4%          3
c - Animate Dead          Necr           23%        N/A       14%         4

Your spell library contained the following spells:

 Spells                   Type           Power      Damage    Failure   Level
 Blink                    Tloc           6%         N/A       26%         2
 Lesser Beckoning         Tloc           6%         N/A       26%         2
 Momentum Strike          Conj/Tloc      6%         3d8       26%         2
 Curse of Agony           Necr           23%        N/A       38%         5


Dungeon Overview and Level Annotations

Branches:
Dungeon (4/15)             Temple (0/1) D:4

Altars:


Innate Abilities, Weirdness & Mutations

You have a pair of small antennae on your head.
You may rarely emit foul miasma when damaged in melee.


Message History

There is an open door here.
You see here 2 stones.
There is an open door here.
You open the door.
There is an open door here.
The sky beast attacks as it pursues you!
The sky beast hits you but does no damage.
The sky beast flickers out of sight!
Deactivating autopickup; reactivate with Ctrl-A.
Something hits you. Something shocks you.
There is an open door here.
Something hits you. Something shocks you. Something barely misses you.
There is an open door here.
You open the door. Something hits you. Something shocks you.
There is an open door here.
The hobgoblin shouts!
The ball python hisses angrily.
The ball python barely misses you. The ball python grabs you.
The ball python constricts you.
You escape the ball python's grasp.
The hobgoblin barely misses you. As you open the door, it creaks loudly!
The ball python bites you. The ball python grabs you.
The ball python constricts you. Something hits you. Something shocks you.
The hobgoblin hits you.
You escape the ball python's grasp.
Something hits you. Something shocks you.
* * * LOW HITPOINT WARNING * * *
There is an open door here.
Unknown command.
A sky beast appears from thin air!
Reactivating autopickup.
The sky beast attacks as it pursues you!
The sky beast hits you.
* * * LOW HITPOINT WARNING * * *
The sky beast shocks you.
* * * LOW HITPOINT WARNING * * *
The sky beast attacks as it pursues you!
The sky beast hits you.
* * * LOW HITPOINT WARNING * * *
The sky beast shocks you.
You die...

*,,,,,,,*#......#######..########
,,,,,,..##......##..##....#####..
,,,,,*#.........#....'....#####..
,,,,,,,######..##....##..##..##..
,,,,,,,* #..####S.###)#'....#..
,,,,,,,* #.##..#g##..)##....##+
*****,,* #.#)...##.....##..###.
***'****#.#?.Y.#......[##'###.
*,,,,,,*#.##.@##)..8..[##..##.
*,,,,,,*#..##'##.......#....#.
*,,,,,,*##.##..##.....##..[.'.
*,,,,,,* #.#....##...##'#..##.
*,,,,,,* #.#..).'#'###..#####.
*,,,,,,**#.##..##..##....####.
*,,,,,,,*#..####..(.'....#....
*,,,,,,,,##..###....##..##..##
*,,,,,,#.*##..###..######...Z.


You could see a sky beast, a hobgoblin and a ball python.

Vanquished Creatures
  A phantom (D:4)
  A scorpion (D:4)
  An iguana (D:4)
  2 orc wizards (D:3)
  2 sleepcaps (D:4)
  6 adders
  A gnoll (D:1)
  A ribbon worm (D:3)
  4 dart slugs
  6 orcs
  4 ball pythons
  13 bats
  6 endoplasms
  2 giant cockroaches
  7 goblins
  6 hobgoblins
  2 quokkas
  6 frilled lizards
  6 kobolds
  5 rats
82 creatures vanquished.

Vanquished Creatures (collateral kills)
  A shadow imp (D:3)
  2 dart slugs (D:1)
3 creatures vanquished.

Grand Total: 85 creatures vanquished

Notes
Turn   | Place    | Note
-------+----------+-------------------------------------------
     0 | D:1      | PaiMei the Demonspawn Necromancer began the quest for the
                  | Orb.
     0 | D:1      | Reached XP level 1. HP: 13/13 MP: 3/3
   117 | D:1      | Gained mutation: You may rarely emit foul miasma when
                  | damaged in melee. [demonic ancestry]
   117 | D:1      | Reached XP level 2. HP: 19/19 MP: 0/5
   481 | D:1      | Reached XP level 3. HP: 18/25 MP: 2/6
   976 | D:2      | Reached skill level 1 in Fighting
  1462 | D:2      | Reached XP level 4. HP: 32/32 MP: 3/7
  1657 | D:2      | Reached skill level 5 in Necromancy
  3007 | D:3      | Gained mutation: You have a pair of small antennae on your
                  | head. [demonic ancestry]
  3007 | D:3      | Reached XP level 5. HP: 38/38 MP: 6/9
  3749 | D:4      | Learned a level 3 spell: Vampiric Draining
  3754 | D:4      | Learned a level 4 spell: Animate Dead
  4222 | D:4      | Reached XP level 6. HP: 43/46 MP: 2/11
  4677 | D:4      | Noticed a sky beast
  4713 | D:4      | Slain by a sky beast

Illustrated notes

Levels and vault maps discovered:
D:1:      wander_arrival_chamber, layout_rooms, chequers_avenue,
          minmay_misc_feat_square
D:2:      layout_loops_ring
D:3:      layout_loops_ring, hex_large
D:4:      minmay_bubble_buster, layout_basic, minmay_temple_entry_antechambers

Skill      XL: |  1  2  3  4  5  6 |
---------------+-------------------+-----
Dodging        | 2 3 |  3.5
Stealth        | 2 |  2.0
Fighting       | 1 2 3 |  3.0
Necromancy     | 5 |  5.9
Spellcasting   | 3 |  3.6

Action                     |  1- 3 |  4- 6 || total
---------------------------+-------+-------++-------
  Melee: Unarmed           |     4 |       ||     4
         Whip              |    21 |    33 ||    54
         Punch             |       |     1 ||     1
         Hand axe          |       |    41 ||    41
   Cast: Necrotise         |    58 |   125 ||   183
         Vampiric Draining |       |     3 ||     3
    Use: Scroll            |       |     2 ||     2
         Potion            |       |     1 ||     1
   Stab: Sleeping          |       |     1 ||     1
 Armour: Robe              |    40 |   101 ||   141
  Dodge: Dodged            |    57 |    80 ||   137
